 Dungeon Crawl Stone Soup version 0.24.1-14-gf8d2b509d9 (webtiles) character file.

Game seed: 1741004052490851345, levelgen mode: deterministic

354 Descartes the Shield-Bearer (level 6, -10/43 HPs)
             Began as a Formicid Wanderer on May 21, 2020.
             Was an Initiate of Gozag.
             Killed by divine providence
             ... invoked by an orc priest
              (14 damage)
             ... on level 3 of the Dungeon.
             The game lasted 00:10:29 (4738 turns).

Descartes the Shield-Bearer (Formicid Wanderer)     Turns: 4738, Time: 00:10:31

Health: -10/43     AC: 10    Str: 16    XL:     6   Next: 95%
Magic:  10/10      EV:  5    Int: 13    God:    Gozag
Gold:   71         SH:  9    Dex: 11    Spells: 9/10 levels left

rFire    . . .     SeeInvis +   a - +2 short sword
rCold    . . .     Gourm    .   m - +0 shield
rNeg     . . .     Faith    .   t - +0 chain mail
rPois    .         Spirit   .   (helmet unavailable)
rElec    .         Reflect  .   (no cloak)
rCorr    .         Harm     .   (no gloves)
MR       .....                  k - +0 pair of boots
Stlth    ..........             (no amulet)
HPRegen  0.14/turn              (no ring)
MPRegen  0.12/turn              (no ring)

@: starving
A: permanent stasis, dig shafts and tunnels, four strong arms, antennae 3
a: Dig, Shaft Self, Potion Petition, Call Merchant, Bribe Branch, Renounce
Religion


You were on level 3 of the Dungeon.
You worshipped Gozag.
Gozag was noncommittal.
You were starving.

You visited 1 branch of the dungeon, and saw 4 of its levels.

You collected 111 gold pieces.
You paid 40 gold pieces to Gozag.

Inventory:

Hand Weapons
 a - a +2 short sword (weapon)
Missiles
 c - 101 stones (quivered)
 l - a poisoned dart
 y - 14 arrows
 B - 2 throwing nets
Armour
 d - a +0 robe
 k - a +0 pair of boots (worn)
 m - a +0 shield (worn)
 t - a +0 chain mail (worn)
Wands
 x - a wand of random effects (28)
Scrolls
 i - 2 scrolls of fog {unknown}
 j - 4 scrolls of identify {unknown}
 p - 6 scrolls of remove curse {unknown}
 q - a scroll of random uselessness {unknown}
 r - a scroll of enchant weapon {unknown}
 v - a scroll of teleportation {unknown}
 w - a scroll of enchant armour {unknown}
 A - a scroll of blinking {unknown}
Potions
 b - a potion of lignification
 e - a potion of heal wounds {unknown}
 g - a potion of resistance
 h - 2 potions of invisibility
 n - 4 potions of flight {unknown}
 o - a potion of agility {unknown}
 s - a potion of might {unknown}
 u - a potion of haste {unknown}
 z - a potion of cancellation {unknown}
Comestibles
 f - 4 rations


   Skills:
 - Level 1.1 Fighting
 - Level 1.0 Short Blades
 + Level 3.7 Armour
 - Level 1.0 Dodging
 - Level 1.2 Stealth
 * Level 4.8 Shields
 - Level 2.7 Spellcasting
 + Level 2.6 Hexes
   Level 4.0 Fire Magic


You had 9 spell levels left.
You knew the following spells:

 Your Spells              Type           Power        Failure   Level  Hunger
a - Confusing Touch       Hex            #.....       97%         1    #......

Your spell library contained the following spells:

 Spells                   Type           Power        Failure   Level  Hunger
 Summon Guardian Golem    Hex/Summ       #.......     100%        3    ###....


Dungeon Overview and Level Annotations

Branches:
Dungeon (4/15)
 Temple: D:4-7

Altars:
Gozag
Makhleb
Qazlal
Sif Muna
Wu Jian
Zin

Annotations:
D:4 Duvessa


Innate Abilities, Weirdness & Mutations

You cannot be hasted, slowed, berserked, paralysed or teleported.
You can dig through walls and to a lower floor.
Your four strong arms can wield two-handed weapons with a shield.
You have a pair of large antennae on your head. (SInv)


Message History

* * * LOW HITPOINT WARNING * * *
You block the orc's attack.
You closely miss the orc priest.
The orc priest is almost dead.
The orc priest mumbles some strange prayers to Beogh against you.
Beogh smites you!
* * * LOW HITPOINT WARNING * * *
You hit the orc priest but do no damage.
The orc priest is almost dead.
You block the orc's attack. You block the orc priest's attack.
You barely miss the orc priest.
The orc priest is almost dead.
You block the orc's attack. You block the orc priest's attack.
You barely miss the orc priest.
The orc priest is almost dead.
The orc barely misses you.
The orc priest mumbles some strange prayers to Beogh against you.
Beogh smites you!
You die...
Your body crumbles into a pile of gold.

##### ....# ....# ##### ....##
######...# .....#####
#.o@o....# .........##
#.####...##
....##....####.####....########
.........)...#................#
....#...#.##.##......#.######.#
..........#.[#.......#.# #.#
....##.####.##.<.......# #.###
....##.# #.#####.....## #....
####.#'####...........####
#####


You could see an orc priest and an orc.

Vanquished Creatures
  A scorpion (D:3)
  A bullfrog skeleton (D:4)
  An orc priest (D:3)
  An orc wizard (D:3)
  Jessica (D:3)
  Natasha (twice) (D:3)
  7 adders
  An ooze (D:2)
  3 worms
  A dart slug (D:2)
  4 leopard geckos
  5 orcs (D:3)
  2 ball pythons
  4 giant cockroaches
  3 hobgoblins
  5 jackals (D:1)
  8 kobolds
  2 quokkas
  5 bats
  A frilled lizard (D:1)
  4 goblins
  5 rats
67 creatures vanquished.

Notes
Turn   | Place    | Note
-------+----------+-------------------------------------------
     0 | D:1      | Descartes the Formicid Wanderer began the quest for the
                  | Orb.
     0 | D:1      | Descartes set off with the following items: a +2 short
                  | sword, a potion of lignification, a +0 robe, a ration; and
                  | the following spell memorised: Confusing Touch; and the
                  | following spells available to memorise: Summon Guardian
                  | Golem
     0 | D:1      | Reached XP level 1. HP: 15/15 MP: 2/2
   188 | D:1      | Reached skill level 1 in Armour
   188 | D:1      | Reached XP level 2. HP: 14/21 MP: 2/4
  1517 | D:1      | Reached XP level 3. HP: 23/26 MP: 6/6
  2009 | D:2      | Reached XP level 4. HP: 28/32 MP: 7/7
  2426 | D:2      | Found a glowing silver altar of Zin.
  2426 | D:2      | Found a burning altar of Makhleb.
  2427 | D:2      | Noticed a green death
  2427 | D:2      | Noticed an angel
  2631 | D:2      | Found a stormy altar of Qazlal.
  3081 | D:3      | Noticed Natasha
  3094 | D:3      | Killed Natasha
  3094 | D:3      | Reached XP level 5. HP: 28/37 MP: 9/9
  3342 | D:3      | Reached skill level 1 in Hexes
  3562 | D:3      | Noticed Natasha
  3633 | D:3      | Noticed Jessica
  3658 | D:3      | Killed Jessica
  3960 | D:3      | Reached XP level 6. HP: 38/43 MP: 10/10
  4380 | D:3      | Killed Natasha
  4444 | D:4      | Noticed Duvessa
  4480 | D:4      | Found a shimmering blue altar of Sif Muna.
  4480 | D:4      | Found an opulent altar of Gozag.
  4480 | D:4      | Found an ornate altar of the Wu Jian Council.
  4485 | D:4      | Became a worshipper of Gozag Ym Sagoz the Greedy
  4738 | D:3      | Killed from afar by an orc priest

Levels and vault maps discovered:
D:1:      dpeg_arrival_three_bigger_balls, layout_rooms, serial_rivers,
          chequers_serial_rivers_large_a, chequers_serial_rivers_micro_c,
          chequers_serial_rivers_room_a, chequers_serial_rivers_room_a,
          chequers_serial_rivers_micro_d, chequers_serial_rivers_room_b,
          nrook_uturn
D:2:      layout_rooms, grunt_temple_overflow_order_and_chaos_2,
          lemuel_round_altar, chequers_hall_statues_corner_a
D:3:      layout_basic, lemuel_flame_loot_1, uniq_jessica, uniq_natasha
D:4:      layout_loops_ring, chequers_temple_overflow_statue_of_worship,
          minmay_temple_entry_gardened_gates, bloody_makhleb, uniq_duvessa,
          uniq_eustachio

Skill      XL: |  1  2  3  4  5  6 |
---------------+-------------------+-----
Armour         | 1 2 3 |  3.7
Spellcasting   | 2 |  2.7
Shields        | 2 4 |  4.8
Hexes          | 1 2 |  2.6
Fighting       | |  1.1
Short Blades   | |  1.0
Dodging        | |  1.0
Stealth        | |  1.2
Fire Magic     | |  4.0

Action                   |  1- 3 |  4- 6 || total
-------------------------+-------+-------++-------
Melee: Short sword       |   109 |   248 ||   357
 Abil: Dig               |     3 |     9 ||    12
  Use: Potion            |       |     1 ||     1
 Stab: Sleeping          |       |     1 ||     1
  Eat: Chunk             |     4 |     9 ||    13
Armor: Robe              |    46 |     8 ||    54
       Chain mail        |       |    91 ||    91
Dodge: Dodged            |    86 |    54 ||   140
Block: Shield            |       |    84 ||    84
